Capitals vs Penguins

Created - January 3 2011 at 17:27

Goals
1 2 3 T
Capitals 1 1 0 2
Penguins 1 0 0 1
Shots
1 2 3 T
Capitals 8 5 6 19
Penguins 10 9 5 24

Period #1

1. Penguins , Claude Giroux 6 (Sami Salo, Brad Richards) at 5:56 (PP)
2. Capitals , Matt Cooke 8 (Willie Mitchell, Jimmy Howard) at 13:33

Penalties :
Brandon Dubinsky (PIT) for Delaying the game (Minor) at 0:39, Matt Cooke (WSH) for Hooking (Minor) at 5:33, Douglas Murray (WSH) for Hooking (Minor) at 8:12, Brooks Orpik (PIT) for Hooking (Minor) at 11:26, Douglas Murray (WSH) for Tripping (Minor) at 15:16, Willie Mitchell (WSH) for Interference (Minor) at 18:11

Period #2

3. Capitals , Steve Eminger 4 (Alexei Kovalev, Matt Cooke) at 17:14

Penalties :
Ryane Clowe (WSH) for High sticking (Minor) at 1:27, Brooks Orpik (PIT) for Goalie Interference (Minor) at 9:07, Jimmy Howard (WSH) for Slashing (Minor) at 11:11 - Matt Cooke served the penalty., Ian Laperriere (PIT) for Hooking (Minor) at 13:11, Ian Laperriere (PIT) for Slashing (Minor) at 19:17

Period #3

No Goal

Penalties :
Alex Goligoski (PIT) for Hooking (Minor) at 2:45, Douglas Murray (WSH) for Hooking (Minor) at 13:51, Steve Montador (PIT) for Fighting (Major) at 17:56, Ryane Clowe (WSH) for Fighting (Major) at 17:56, Marc Methot (WSH) for Roughing (Minor) at 19:41

Goalie Stats

Jimmy Howard (WSH), 23 saves from 24 shots - (0.958), W, 10-14-2, 60:00 minutes
Marc-Andre Fleury (PIT), 17 saves from 19 shots - (0.895), L, 21-9-3, 59:03 minutes

Players Stats

Capitals
Player Name              G  A  P  +/- PIM S  H  SB FO    MP 
------------------------------------------------------------
Alexander Ovechkin       0  0  0   0  0   2  3  0  0/3   21 
Alexander Semin          0  0  0   0  0   0  0  0  1/1   22 
Alexei Kovalev           0  1  1   2  0   3  0  0  0/1   14 
Boyd Gordon              0  0  0   0  0   2  0  0  11/28 20 
Brian Sutherby           0  0  0   0  0   0  2  0  2/3   3  
Douglas Murray           0  0  0   0  6   0  3  0  0/0   19 
Jeff Halpern             0  0  0   2  0   0  0  0  6/18  17 
Kimmo Timonen            0  0  0   0  0   2  1  1  0/0   23 
Marc Methot              0  0  0   2  2   0  0  3  0/0   18 
Matt Cooke               1  1  2   2  2   2  3  0  1/1   16 
Matt Pettinger           0  0  0   0  0   0  0  0  0/0   0  
Matt Stajan              0  0  0   0  0   2  0  0  13/27 17 
Mike Green               0  0  0   0  0   1  2  1  0/0   23 
Ryane Clowe              0  0  0   0  7   0  2  0  1/3   17 
Steve Eminger            1  0  1   2  0   1  0  2  0/0   13 
Tomas Fleischmann        0  0  0   0  0   2  0  0  1/2   21 
Trent Hunter             0  0  0   0  0   0  0  0  0/0   0  
Willie Mitchell          0  1  1   0  2   2  0  0  0/0   21 
Penguins
Player Name              G  A  P  +/- PIM S  H  SB FO    MP 
------------------------------------------------------------
Alex Goligoski           0  0  0  -1  2   0  0  0  0/0   19 
Blair Betts              0  0  0  -1  0   1  0  1  13/20 16 
Brad Richards            0  1  1   0  0   0  0  0  10/22 17 
Brandon Dubinsky         0  0  0   0  2   0  1  0  0/0   10 
Brooks Orpik             0  0  0  -1  4   1  3  0  0/0   17 
Claude Giroux            1  0  1   0  0   1  1  0  1/1   14 
Daniel Sedin             0  0  0  -1  0   5  1  0  0/1   17 
Henrik Sedin             0  0  0  -1  0   3  0  0  18/25 20 
Ian Laperriere           0  0  0  -1  4   2  2  0  0/0   14 
Jason Pominville         0  0  0  -1  0   0  2  0  1/2   14 
Joel Ward                0  0  0  -1  0   0  0  0  0/1   16 
Mark Eaton               0  0  0  -1  0   0  0  2  0/0   12 
Nicklas Lidstrom         0  0  0  -1  0   5  0  0  0/0   24 
Pavel Datsyuk            0  0  0   0  0   2  5  0  5/11  24 
Pavel Kubina             0  0  0   0  0   1  1  5  0/0   24 
Ryan Smyth               0  0  0   0  0   1  0  0  3/4   9  
Sami Salo                0  1  1   0  0   2  0  0  0/0   21 
Steve Montador           0  0  0   0  5   0  0  0  0/0   1  

3 Stars

1 - Matt Cooke (WSH)
2 - Jimmy Howard (WSH)
3 - Steve Eminger (WSH)

Power Play

Capitals - 0 on 6 Attempt(s) - 0.00%
Penguins - 1 on 8 Attempt(s) - 12.50%

Penalty Kill

Capitals - 7 on 8 Attempt(s) - 87.50% - Score 0 goal in Penalty Kill
Penguins - 6 on 6 Attempt(s) - 100.00% - Score 0 goal in Penalty Kill

Game Notes

Ryane Clowe beats up Steve Montador at 17:56 of 3rd period

Finance

Level 1 -- Attendance: 5511 (84.78%) -- Ticket Income $523,545.00
Level 2 -- Attendance: 4294 (85.88%) -- Ticket Income $236,170.00
Level 3 -- Attendance: 3480 (99.43%) -- Ticket Income $118,320.00
Level 4 -- Attendance: 2087 (100.00%) -- Ticket Income $31,305.00
Luxury Box -- Attendance: 753 (75.30%) -- Ticket Income $150,600.00
Game was played at the Consol Energy Center
Total Attendance: 16125 (89.15%)
Total Ticket Income: $1,162,736.00
Other Income: $209,106.30
Total Income: $1,371,842.00


Play by Play

Period #1

0:01 of 1st period - Matt Stajan wins face-off versus Henrik Sedin in neutral zone.
0:23 of 1st period - Icing by Kimmo Timonen.
0:24 of 1st period - Brad Richards wins face-off versus Matt Stajan in Capitals zone.
0:24 of 1st period - Sami Salo is hit by Kimmo Timonen and loses puck.
0:39 of 1st period - Minor Penalty to Brandon Dubinsky for Delaying the game.
0:40 of 1st period - Boyd Gordon wins face-off versus Blair Betts in Penguins zone.
0:51 of 1st period - Shot by Douglas Murray.
0:51 of 1st period - Shot Blocked by Pavel Kubina.
0:55 of 1st period - Shot by Ryane Clowe.
0:55 of 1st period - Shot Misses the Net.
0:57 of 1st period - Shot by Willie Mitchell.
0:57 of 1st period - Shot Hit the Post.
1:01 of 1st period - Shot by Ryane Clowe.
1:01 of 1st period - Deflect By Alexander Semin.
1:01 of 1st period - Shot Misses the Net.
1:03 of 1st period - Shot by Boyd Gordon.
1:03 of 1st period - Stopped by Marc-Andre Fleury with a rebound.
1:30 of 1st period - Off-side.
1:31 of 1st period - Matt Stajan wins face-off versus Pavel Datsyuk in neutral zone.
1:42 of 1st period - Icing by Matt Stajan.
1:43 of 1st period - Pavel Datsyuk wins face-off versus Matt Stajan in Capitals zone.
1:43 of 1st period - Pavel Datsyuk is hit by Mike Green.
2:05 of 1st period - Shot by Mike Green.
2:05 of 1st period - Shot Misses the Net.
2:07 of 1st period - Shot by Kimmo Timonen.
2:07 of 1st period - Stopped by Marc-Andre Fleury without a rebound.
2:08 of 1st period - Boyd Gordon wins face-off versus Blair Betts in Penguins zone.
2:51 of 1st period - Shot by Matt Cooke.
2:51 of 1st period - Deflect By Alexei Kovalev.
2:51 of 1st period - Stopped by Marc-Andre Fleury without a rebound.
2:52 of 1st period - Matt Stajan wins face-off versus Blair Betts in Penguins zone.
3:02 of 1st period - Shot by Tomas Fleischmann.
3:02 of 1st period - Shot Blocked by Mark Eaton.
3:04 of 1st period - Shot by Alexander Ovechkin.
3:04 of 1st period - Stopped by Marc-Andre Fleury without a rebound.
3:05 of 1st period - Henrik Sedin wins face-off versus Jeff Halpern in Penguins zone.
3:24 of 1st period - Shot by Matt Cooke.
3:24 of 1st period - Shot Misses the Net.
4:26 of 1st period - Shot by Alexander Ovechkin.
4:26 of 1st period - Stopped by Marc-Andre Fleury without a rebound.
4:27 of 1st period - Blair Betts wins face-off versus Boyd Gordon in Penguins zone.
4:56 of 1st period - Icing by Mark Eaton.
4:57 of 1st period - Blair Betts wins face-off versus Matt Stajan in Penguins zone.
5:33 of 1st period - Minor Penalty to Matt Cooke for Hooking.
5:34 of 1st period - Brad Richards wins face-off versus Jeff Halpern in Capitals zone.
5:54 of 1st period - Shot by Sami Salo.
5:54 of 1st period - Shot Misses the Net.
5:56 of 1st period - Shot by Claude Giroux.
5:56 of 1st period - Goal by Claude Giroux - Capitals : 0 - Penguins : 1.
5:57 of 1st period - Jason Pominville wins face-off versus Jeff Halpern in neutral zone.
6:28 of 1st period - Shot by Daniel Sedin.
6:28 of 1st period - Shot Misses the Net.
7:04 of 1st period - Shot by Pavel Datsyuk.
7:04 of 1st period - Stopped by Jimmy Howard without a rebound.
7:05 of 1st period - Boyd Gordon wins face-off versus Blair Betts in Capitals zone.
7:29 of 1st period - Off-side.
7:30 of 1st period - Matt Stajan wins face-off versus Brad Richards in neutral zone.
7:47 of 1st period - Shot by Brad Richards.
7:47 of 1st period - Shot Misses the Net.
7:49 of 1st period - Shot by Brad Richards.
7:49 of 1st period - Shot Blocked by Mike Green.
7:51 of 1st period - Shot by Brandon Dubinsky.
7:51 of 1st period - Shot Misses the Net.
7:53 of 1st period - Shot by Pavel Datsyuk.
7:53 of 1st period - Stopped by Jimmy Howard without a rebound.
7:54 of 1st period - Boyd Gordon wins face-off versus Jason Pominville in Capitals zone.
7:54 of 1st period - Alexander Semin is hit by Daniel Sedin and loses puck.
8:02 of 1st period - Henrik Sedin is hit by Douglas Murray and loses puck.
8:12 of 1st period - Minor Penalty to Douglas Murray for Hooking.
8:13 of 1st period - Brad Richards wins face-off versus Boyd Gordon in Capitals zone.
9:18 of 1st period - Shot by Nicklas Lidstrom.
9:18 of 1st period - Stopped by Jimmy Howard without a rebound.
9:19 of 1st period - Henrik Sedin wins face-off versus Alexander Ovechkin in Capitals zone.
9:28 of 1st period - Shot by Nicklas Lidstrom.
9:28 of 1st period - Stopped by Jimmy Howard with a rebound.
9:30 of 1st period - Shot by Jason Pominville.
9:30 of 1st period - Shot Misses the Net.
9:32 of 1st period - Shot by Henrik Sedin.
9:32 of 1st period - Shot Misses the Net.
9:34 of 1st period - Shot by Nicklas Lidstrom.
9:34 of 1st period - Stopped by Jimmy Howard without a rebound.
9:35 of 1st period - Boyd Gordon wins face-off versus Brad Richards in Capitals zone.
10:57 of 1st period - Off-side.
10:58 of 1st period - Boyd Gordon wins face-off versus Henrik Sedin in neutral zone.
11:26 of 1st period - Minor Penalty to Brooks Orpik for Hooking.
11:27 of 1st period - Matt Stajan wins face-off versus Pavel Datsyuk in Penguins zone.
12:11 of 1st period - Icing by Alexander Ovechkin.
12:12 of 1st period - Matt Stajan wins face-off versus Blair Betts in Capitals zone.
12:12 of 1st period - Matt Stajan is hit by Ian Laperriere.
12:26 of 1st period - Boyd Gordon is hit by Ian Laperriere and loses puck.
12:43 of 1st period - Shot by Ryane Clowe.
12:43 of 1st period - Deflect By Tomas Fleischmann.
12:43 of 1st period - Stopped by Marc-Andre Fleury without a rebound.
12:44 of 1st period - Blair Betts wins face-off versus Matt Stajan in Penguins zone.
12:53 of 1st period - Shot by Mike Green.
12:53 of 1st period - Shot Misses the Net.
12:55 of 1st period - Shot by Kimmo Timonen.
12:55 of 1st period - Shot Hit the Post.
12:59 of 1st period - Shot by Alexander Ovechkin.
12:59 of 1st period - Shot Misses the Net.
13:33 of 1st period - Shot by Matt Cooke.
13:33 of 1st period - Goal by Matt Cooke - Capitals : 1 - Penguins : 1.
13:34 of 1st period - Henrik Sedin wins face-off versus Jeff Halpern in neutral zone.
13:34 of 1st period - Jason Pominville is hit by Matt Cooke and loses puck.
13:39 of 1st period - Steve Eminger is hit by Jason Pominville and loses puck.
14:16 of 1st period - Alexei Kovalev is hit by Jason Pominville and loses puck.
14:35 of 1st period - Off-side.
14:36 of 1st period - Blair Betts wins face-off versus Ryane Clowe in neutral zone.
14:42 of 1st period - Off-side.
14:43 of 1st period - Blair Betts wins face-off versus Boyd Gordon in neutral zone.
14:54 of 1st period - Icing by Mark Eaton.
14:55 of 1st period - Blair Betts wins face-off versus Matt Stajan in Penguins zone.
15:04 of 1st period - Shot by Joel Ward.
15:04 of 1st period - Shot Blocked by Kimmo Timonen.
15:06 of 1st period - Shot by Ian Laperriere.
15:06 of 1st period - Stopped by Jimmy Howard without a rebound.
15:07 of 1st period - Brad Richards wins face-off versus Boyd Gordon in Capitals zone.
15:07 of 1st period - Brad Richards is hit by Douglas Murray.
15:16 of 1st period - Minor Penalty to Douglas Murray for Tripping.
15:17 of 1st period - Boyd Gordon wins face-off versus Brad Richards in Capitals zone.
15:17 of 1st period - Boyd Gordon is hit by Pavel Datsyuk.
15:26 of 1st period - Icing by Claude Giroux.
15:27 of 1st period - Jeff Halpern wins face-off versus Brad Richards in Penguins zone.
15:46 of 1st period - Shot by Pavel Kubina.
15:46 of 1st period - Shot Misses the Net.
16:19 of 1st period - Off-side.
16:20 of 1st period - Henrik Sedin wins face-off versus Alexander Ovechkin in neutral zone.
16:45 of 1st period - Shot by Jason Pominville.
16:45 of 1st period - Shot Misses the Net.
18:02 of 1st period - Shot by Sami Salo.
18:02 of 1st period - Stopped by Jimmy Howard with a rebound.
18:04 of 1st period - Shot by Sami Salo.
18:04 of 1st period - Stopped by Jimmy Howard without a rebound.
18:05 of 1st period - Henrik Sedin wins face-off versus Boyd Gordon in Capitals zone.
18:11 of 1st period - Minor Penalty to Willie Mitchell for Interference.
18:12 of 1st period - Brad Richards wins face-off versus Boyd Gordon in Capitals zone.
19:02 of 1st period - Shot by Daniel Sedin.
19:02 of 1st period - Shot Blocked by Steve Eminger.
19:04 of 1st period - Shot by Nicklas Lidstrom.
19:04 of 1st period - Stopped by Jimmy Howard without a rebound.
19:05 of 1st period - Jeff Halpern wins face-off versus Henrik Sedin in Capitals zone.
19:15 of 1st period - Icing by Henrik Sedin.
19:16 of 1st period - Jeff Halpern wins face-off versus Henrik Sedin in Penguins zone.
19:19 of 1st period - Shot by Tomas Fleischmann.
19:19 of 1st period - Stopped by Marc-Andre Fleury without a rebound.
19:20 of 1st period - Jeff Halpern wins face-off versus Brad Richards in Penguins zone.
19:32 of 1st period - Icing by Pavel Kubina.
19:33 of 1st period - Boyd Gordon wins face-off versus Brad Richards in Penguins zone.
19:58 of 1st period - Icing by Brad Richards.
19:59 of 1st period - Jeff Halpern wins face-off versus Brad Richards in Penguins zone.

Period #2

0:01 of 2nd period - Boyd Gordon wins face-off versus Henrik Sedin in neutral zone.
0:18 of 2nd period - Pavel Kubina is hit by Matt Cooke.
0:42 of 2nd period - Sami Salo is hit by Matt Cooke and loses puck.
1:08 of 2nd period - Off-side.
1:09 of 2nd period - Henrik Sedin wins face-off versus Boyd Gordon in neutral zone.
1:27 of 2nd period - Minor Penalty to Ryane Clowe for High sticking.
1:28 of 2nd period - Henrik Sedin wins face-off versus Boyd Gordon in Capitals zone.
1:33 of 2nd period - Shot by Daniel Sedin.
1:33 of 2nd period - Stopped by Jimmy Howard without a rebound.
1:34 of 2nd period - Henrik Sedin wins face-off versus Boyd Gordon in Capitals zone.
3:17 of 2nd period - Icing by Sami Salo.
3:18 of 2nd period - Boyd Gordon wins face-off versus Brad Richards in Penguins zone.
3:47 of 2nd period - Shot by Joel Ward.
3:47 of 2nd period - Deflect By Ian Laperriere.
3:47 of 2nd period - Shot Blocked by Marc Methot.
3:49 of 2nd period - Shot by Joel Ward.
3:49 of 2nd period - Shot Misses the Net.
3:51 of 2nd period - Shot by Mark Eaton.
3:51 of 2nd period - Shot Blocked by Marc Methot.
3:53 of 2nd period - Shot by Ian Laperriere.
3:53 of 2nd period - Stopped by Jimmy Howard without a rebound.
3:54 of 2nd period - Henrik Sedin wins face-off versus Matt Stajan in Capitals zone.
6:08 of 2nd period - Shot by Matt Cooke.
6:08 of 2nd period - Stopped by Marc-Andre Fleury without a rebound.
6:09 of 2nd period - Henrik Sedin wins face-off versus Jeff Halpern in Penguins zone.
8:03 of 2nd period - Shot by Matt Stajan.
8:03 of 2nd period - Stopped by Marc-Andre Fleury without a rebound.
8:04 of 2nd period - Brad Richards wins face-off versus Jeff Halpern in Penguins zone.
8:09 of 2nd period - Steve Eminger is hit by Brandon Dubinsky and loses puck.
8:18 of 2nd period - Shot by Pavel Datsyuk.
8:18 of 2nd period - Shot Misses the Net.
8:22 of 2nd period - Shot by Blair Betts.
8:22 of 2nd period - Stopped by Jimmy Howard without a rebound.
8:23 of 2nd period - Matt Stajan wins face-off versus Pavel Datsyuk in Capitals zone.
8:27 of 2nd period - Icing by Alexander Ovechkin.
8:28 of 2nd period - Matt Stajan wins face-off versus Blair Betts in Capitals zone.
8:32 of 2nd period - Off-side.
8:33 of 2nd period - Matt Stajan wins face-off versus Henrik Sedin in neutral zone.
8:50 of 2nd period - Tomas Fleischmann is hit by Brooks Orpik and loses puck.
9:07 of 2nd period - Minor Penalty to Brooks Orpik for Goalie Interference.
9:08 of 2nd period - Blair Betts wins face-off versus Boyd Gordon in Penguins zone.
9:27 of 2nd period - Shot by Alexander Semin.
9:27 of 2nd period - Shot Misses the Net.
10:29 of 2nd period - Off-side.
10:30 of 2nd period - Brian Sutherby wins face-off versus Pavel Datsyuk in neutral zone.
11:11 of 2nd period - Shot by Daniel Sedin.
11:11 of 2nd period - Stopped by Jimmy Howard without a rebound.
11:11 of 2nd period - Minor Penalty to Jimmy Howard for Slashing.
11:12 of 2nd period - Henrik Sedin wins face-off versus Jeff Halpern in Capitals zone.
11:13 of 2nd period - Shot by Daniel Sedin.
11:13 of 2nd period - Stopped by Jimmy Howard without a rebound.
11:14 of 2nd period - Henrik Sedin wins face-off versus Tomas Fleischmann in Capitals zone.
11:14 of 2nd period - Henrik Sedin is hit by Brian Sutherby.
11:16 of 2nd period - Shot by Daniel Sedin.
11:16 of 2nd period - Stopped by Jimmy Howard without a rebound.
11:17 of 2nd period - Jeff Halpern wins face-off versus Brad Richards in Capitals zone.
13:02 of 2nd period - Shot by Brad Richards.
13:02 of 2nd period - Shot Misses the Net.
13:11 of 2nd period - Minor Penalty to Ian Laperriere for Hooking.
13:12 of 2nd period - Ryan Smyth wins face-off versus Matt Stajan in Penguins zone.
13:12 of 2nd period - Ryan Smyth is hit by Alexander Ovechkin.
14:05 of 2nd period - Shot by Douglas Murray.
14:05 of 2nd period - Shot Blocked by Pavel Kubina.
14:07 of 2nd period - Shot by Willie Mitchell.
14:07 of 2nd period - Shot Blocked by Pavel Kubina.
14:11 of 2nd period - Shot by Willie Mitchell.
14:11 of 2nd period - Shot Misses the Net.
14:15 of 2nd period - Shot by Ryane Clowe.
14:15 of 2nd period - Shot Blocked by Pavel Kubina.
14:36 of 2nd period - Icing by Alexei Kovalev.
14:37 of 2nd period - Tomas Fleischmann wins face-off versus Joel Ward in Capitals zone.
14:43 of 2nd period - Off-side.
14:44 of 2nd period - Blair Betts wins face-off versus Matt Stajan in neutral zone.
17:12 of 2nd period - Shot by Alexei Kovalev.
17:12 of 2nd period - Stopped by Marc-Andre Fleury with a rebound.
17:14 of 2nd period - Shot by Steve Eminger.
17:14 of 2nd period - Goal by Steve Eminger - Capitals : 2 - Penguins : 1.
17:15 of 2nd period - Matt Stajan wins face-off versus Brad Richards in neutral zone.
17:21 of 2nd period - Off-side.
17:22 of 2nd period - Henrik Sedin wins face-off versus Matt Stajan in neutral zone.
17:37 of 2nd period - Shot by Henrik Sedin.
17:37 of 2nd period - Stopped by Jimmy Howard without a rebound.
17:38 of 2nd period - Brad Richards wins face-off versus Jeff Halpern in Capitals zone.
17:51 of 2nd period - Shot by Brad Richards.
17:51 of 2nd period - Shot Misses the Net.
17:55 of 2nd period - Shot by Brandon Dubinsky.
17:55 of 2nd period - Shot Blocked by Steve Eminger.
17:57 of 2nd period - Shot by Brandon Dubinsky.
17:57 of 2nd period - Shot Blocked by Marc Methot.
17:59 of 2nd period - Shot by Brandon Dubinsky.
17:59 of 2nd period - Shot Misses the Net.
18:12 of 2nd period - Icing by Steve Eminger.
18:13 of 2nd period - Henrik Sedin wins face-off versus Jeff Halpern in Capitals zone.
18:16 of 2nd period - Shot by Henrik Sedin.
18:16 of 2nd period - Stopped by Jimmy Howard with a rebound.
18:18 of 2nd period - Shot by Pavel Kubina.
18:18 of 2nd period - Stopped by Jimmy Howard without a rebound.
18:19 of 2nd period - Claude Giroux wins face-off versus Matt Stajan in Capitals zone.
18:24 of 2nd period - Ryan Smyth is hit by Mike Green and loses puck.
19:06 of 2nd period - Icing by Mark Eaton.
19:07 of 2nd period - Blair Betts wins face-off versus Boyd Gordon in Penguins zone.
19:17 of 2nd period - Minor Penalty to Ian Laperriere for Slashing.
19:18 of 2nd period - Alexander Semin wins face-off versus Pavel Datsyuk in Penguins zone.
19:21 of 2nd period - Shot by Alexander Semin.
19:21 of 2nd period - Shot Misses the Net.
19:23 of 2nd period - Shot by Boyd Gordon.
19:23 of 2nd period - Shot Misses the Net.
19:46 of 2nd period - Shot by Willie Mitchell.
19:46 of 2nd period - Stopped by Marc-Andre Fleury without a rebound.
19:47 of 2nd period - Matt Stajan wins face-off versus Pavel Datsyuk in Penguins zone.

Period #3

0:01 of 3rd period - Blair Betts wins face-off versus Matt Stajan in neutral zone.
0:11 of 3rd period - Off-side.
0:12 of 3rd period - Blair Betts wins face-off versus Boyd Gordon in neutral zone.
0:45 of 3rd period - Icing by Alexander Semin.
0:46 of 3rd period - Pavel Datsyuk wins face-off versus Ryane Clowe in Capitals zone.
1:13 of 3rd period - Shot by Mike Green.
1:13 of 3rd period - Stopped by Marc-Andre Fleury without a rebound.
1:14 of 3rd period - Matt Stajan wins face-off versus Blair Betts in Penguins zone.
2:30 of 3rd period - Icing by Mark Eaton.
2:31 of 3rd period - Blair Betts wins face-off versus Boyd Gordon in Penguins zone.
2:31 of 3rd period - Blair Betts is hit by Ryane Clowe.
2:45 of 3rd period - Minor Penalty to Alex Goligoski for Hooking.
2:46 of 3rd period - Pavel Datsyuk wins face-off versus Boyd Gordon in Penguins zone.
2:46 of 3rd period - Brooks Orpik is hit by Ryane Clowe and loses puck.
3:21 of 3rd period - Ryane Clowe is hit by Pavel Datsyuk.
4:31 of 3rd period - Shot by Willie Mitchell.
4:31 of 3rd period - Stopped by Marc-Andre Fleury without a rebound.
4:32 of 3rd period - Matt Stajan wins face-off versus Daniel Sedin in Penguins zone.
4:33 of 3rd period - Shot by Mike Green.
4:33 of 3rd period - Shot Misses the Net.
4:35 of 3rd period - Shot by Kimmo Timonen.
4:35 of 3rd period - Shot Blocked by Pavel Kubina.
4:37 of 3rd period - Shot by Kimmo Timonen.
4:37 of 3rd period - Stopped by Marc-Andre Fleury without a rebound.
4:38 of 3rd period - Blair Betts wins face-off versus Boyd Gordon in Penguins zone.
4:54 of 3rd period - Marc Methot is hit by Pavel Kubina and loses puck.
6:32 of 3rd period - Shot by Brandon Dubinsky.
6:32 of 3rd period - Shot Misses the Net.
6:34 of 3rd period - Shot by Pavel Datsyuk.
6:34 of 3rd period - Shot Misses the Net.
6:36 of 3rd period - Shot by Brooks Orpik.
6:36 of 3rd period - Stopped by Jimmy Howard without a rebound.
6:37 of 3rd period - Henrik Sedin wins face-off versus Jeff Halpern in Capitals zone.
8:45 of 3rd period - Icing by Alex Goligoski.
8:46 of 3rd period - Pavel Datsyuk wins face-off versus Alexei Kovalev in Penguins zone.
8:53 of 3rd period - Shot by Alex Goligoski.
8:53 of 3rd period - Shot Hit the Post.
9:19 of 3rd period - Icing by Alex Goligoski.
9:20 of 3rd period - Pavel Datsyuk wins face-off versus Matt Stajan in Penguins zone.
9:48 of 3rd period - Shot by Matt Stajan.
9:48 of 3rd period - Stopped by Marc-Andre Fleury with a rebound.
9:52 of 3rd period - Shot by Mike Green.
9:52 of 3rd period - Shot Blocked by Mark Eaton.
10:21 of 3rd period - Shot by Daniel Sedin.
10:21 of 3rd period - Stopped by Jimmy Howard without a rebound.
10:22 of 3rd period - Henrik Sedin wins face-off versus Jeff Halpern in Capitals zone.
11:00 of 3rd period - Icing by Pavel Kubina.
11:01 of 3rd period - Ryan Smyth wins face-off versus Boyd Gordon in Penguins zone.
11:15 of 3rd period - Boyd Gordon is hit by Claude Giroux and loses puck.
11:31 of 3rd period - Ryane Clowe is hit by Brooks Orpik and loses puck.
12:13 of 3rd period - Matt Stajan is hit by Brooks Orpik.
13:48 of 3rd period - Icing by Willie Mitchell.
13:49 of 3rd period - Henrik Sedin wins face-off versus Boyd Gordon in Capitals zone.
13:49 of 3rd period - Daniel Sedin is hit by Douglas Murray and loses puck.
13:51 of 3rd period - Minor Penalty to Douglas Murray for Hooking.
13:52 of 3rd period - Henrik Sedin wins face-off versus Alexander Ovechkin in Capitals zone.
14:02 of 3rd period - Henrik Sedin is hit by Alexander Ovechkin and loses puck.
14:46 of 3rd period - Pavel Datsyuk is hit by Alexander Ovechkin and loses puck.
16:10 of 3rd period - Shot by Matt Cooke.
16:10 of 3rd period - Shot Blocked by Blair Betts.
16:12 of 3rd period - Shot by Willie Mitchell.
16:12 of 3rd period - Shot Misses the Net.
16:17 of 3rd period - Shot by Boyd Gordon.
16:17 of 3rd period - Stopped by Marc-Andre Fleury without a rebound.
16:18 of 3rd period - Brian Sutherby wins face-off versus Ryan Smyth in Penguins zone.
16:25 of 3rd period - Mike Green is hit by Pavel Datsyuk and loses puck.
17:29 of 3rd period - Shot by Brad Richards.
17:29 of 3rd period - Shot Misses the Net.
17:31 of 3rd period - Shot by Nicklas Lidstrom.
17:31 of 3rd period - Stopped by Jimmy Howard without a rebound.
17:32 of 3rd period - Boyd Gordon wins face-off versus Henrik Sedin in Capitals zone.
17:50 of 3rd period - Shot by Jason Pominville.
17:50 of 3rd period - Shot Misses the Net.
17:54 of 3rd period - Shot by Henrik Sedin.
17:54 of 3rd period - Stopped by Jimmy Howard without a rebound.
17:55 of 3rd period - Ryane Clowe wins face-off versus Brad Richards in Capitals zone.
17:55 of 3rd period - Ryane Clowe is hit by Pavel Datsyuk.
17:56 of 3rd period - Ryane Clowe beats up Steve Montador.
17:56 of 3rd period - Penalty to Steve Montador for Fighting.
17:56 of 3rd period - Penalty to Ryane Clowe for Fighting.
17:57 of 3rd period - Matt Cooke wins face-off versus Brad Richards in Capitals zone.
17:57 of 3rd period - Matt Cooke is hit by Pavel Datsyuk.
18:11 of 3rd period - Shot by Alexei Kovalev.
18:11 of 3rd period - Stopped by Marc-Andre Fleury without a rebound.
18:12 of 3rd period - Ryan Smyth wins face-off versus Matt Stajan in Penguins zone.
18:35 of 3rd period - Shot by Alex Goligoski.
18:35 of 3rd period - Shot Misses the Net.
19:03 of 3rd period - Penguins, Marc-Andre Fleury is pulled from the net.
19:40 of 3rd period - Icing by Mike Green.
19:41 of 3rd period - Brad Richards wins face-off versus Matt Stajan in Capitals zone.
19:41 of 3rd period - Minor Penalty to Marc Methot for Roughing.
19:42 of 3rd period - Brad Richards wins face-off versus Brian Sutherby in Capitals zone.
19:47 of 3rd period - Shot by Ryan Smyth.
19:47 of 3rd period - Stopped by Jimmy Howard without a rebound.
19:48 of 3rd period - Brad Richards wins face-off versus Jeff Halpern in Capitals zone.
19:48 of 3rd period - Brad Richards is hit by Brian Sutherby.


Output by the SimonT Hockey Simulator (STHS) for Stephane Roy -- Original Page W3C XHTML 1.0 Valid